 Dungeon Crawl Stone Soup version 0.23.2-30-g0e89c35649 (webtiles) character file.

Game seed: 12660173178596862911

67 Belius the Sneak (level 3, 0/19 HPs)
             Began as a Deep Elf Enchanter on June 20, 2019.
             Slain by a gnoll
             ... wielding a +0 spear
              (3 damage)
             ... on level 2 of the Dungeon.
             The game lasted 00:03:34 (1781 turns).

Belius the Sneak (Deep Elf Enchanter)               Turns: 1781, Time: 00:03:34

Health: 0/19       AC:  2    Str:  5    XL:     3   Next: 98%
Magic:  8/10       EV: 13    Int: 19    God:
Gold:   55         SH:  0    Dex: 16    Spells: 6/9 levels left

rFire    . . .     SeeInvis .   a - +1 dagger
rCold    . . .     Gourm    .   (no shield)
rNeg     . . .     Faith    .   b - +0 robe
rPois    .         Spirit   .   (no helmet)
rElec    .         Reflect  .   j - scarf {repulsion}
rCorr    .         Harm     .   (no gloves)
MR       .....                  (no boots)
Stlth    +++.......             (no amulet)
HPRegen  0.06/turn              (no ring)
MPRegen  0.12/turn              (no ring)

@: repel missiles
A: no striking features
a: no special abilities


You were on level 2 of the Dungeon.
You were hungry.

You visited 1 branch of the dungeon, and saw 2 of its levels.

You collected 55 gold pieces.

Inventory:

Hand Weapons
 a - a +1 dagger (weapon)
Armour
 b - a +0 robe (worn)
 j - a scarf of repulsion (worn)
Jewellery
 i - an uncursed ring of see invisible {unknown}
Scrolls
 c - a scroll of blinking {unknown}
 f - a scroll of fear {unknown}
 g - a scroll of remove curse {unknown}
Potions
 e - a potion of flight {unknown}
 h - a potion of curing {unknown}
Comestibles
 d - 5 rations


   Skills:
 + Level 1.2 Short Blades
 + Level 2.7 Dodging
 + Level 4.9 Stealth
 + Level 3.8 Spellcasting
 + Level 4.6 Hexes
 - Level 0.3 Ice Magic


You had 6 spell levels left.
You knew the following spells:

 Your Spells              Type           Power        Failure   Level  Hunger
a - Corona                Hex            ###....      2%          1    None
b - Ensorcelled Hibernat  Hex/Ice        ##....       8%          2    ##.....

Your spell library contained the following spells:

 Spells                   Type           Power        Failure   Level  Hunger
 Confuse                  Hex            ###.....     6%          3    ###....
 Tukima's Dance           Hex            ###.....     6%          3    ###....
 Dazzling Spray           Conj/Hex       ##....       16%         3    ###....


Dungeon Overview and Level Annotations

Branches:
Dungeon (2/15)

Altars:


Message History

You see here a bat corpse.
The gnoll is too close now for your liking.
Casting: Ensorcelled Hibernation (safe; 8% risk of failure)
Confirm with . or Enter, or press ? or * to list all spells.
Aiming: Ensorcelled Hibernation (safe; 8% risk of failure)
Press: ? - help, Shift-Dir - straight line, f - gnoll
Aim: a gnoll, wielding a +0 spear (hasn't noticed you, chance to defeat MR: 52%)
The gnoll shouts!
The gnoll looks drowsy...
The gnoll shouts!
The gnoll hits you from afar with a +0 spear!
Ouch! That really hurt!
Found a stone staircase leading up.
You hit the gnoll.
The gnoll is lightly wounded.
The gnoll hits you with a +0 spear.
* * * LOW HITPOINT WARNING * * *
The gnoll hits you but does no damage.
The gnoll hits you from afar with a +0 spear.
You die...

#..# ##.#.# #. #.. #.##
#.#.# ## #.. ##.# #.#.#####
###..#####..# #.#.#....
#.......##.## #.#.#....
#.......##.# #......#.
<.......##†# #.....###
........#..######....## #
#....gg.@...........#####
#............###.....#...
#........................
#........###.#...†.......
###.......####...#.........
#......##........#.........
## ...#)#
#.######.##........
...##.##.# #.# #.......#...
#....##.##..# ####.#######


You could see 2 gnolls.

Vanquished Creatures
  2 gnolls (D:2)
  An adder (D:2)
  An ooze (D:1)
  2 worms
  2 leopard geckos (D:1)
  4 giant cockroaches
  2 hobgoblins (D:1)
  3 ball pythons
  A bat (D:2)
  A frilled lizard (D:1)
  3 kobolds
  11 rats
33 creatures vanquished.

Notes
Turn   | Place    | Note
-------+----------+-------------------------------------------
     0 | D:1      | Belius the Deep Elf Enchanter began the quest for the Orb.
     0 | D:1      | Reached XP level 1. HP: 10/10 MP: 6/6
   255 | D:1      | Reached XP level 2. HP: 11/15 MP: 5/8
   266 | D:1      | Learned a level 2 spell: Ensorcelled Hibernation
  1457 | D:2      | Reached XP level 3. HP: 19/19 MP: 9/9
  1781 | D:2      | Slain by a gnoll

Skill      XL: |  1  2 |
---------------+-------+-----
Stealth        | 4 |  4.9
Short Blades   | |  1.2
Dodging        | |  2.7
Spellcasting   | |  3.8
Hexes          | |  4.6
Ice Magic      | |  0.3

Action                   || total
-------------------------++-------
Melee: Dagger            ||    60
 Cast: Corona            ||     5
       Ensorcelled Hiber ||    27
 Stab: Sleeping          ||    27
  Eat: Chunk             ||     3
Armor: Robe              ||    18
Dodge: Dodged            ||    42
